 Dungeon Crawl Stone Soup version 0.30-a0-760-g5a9884bb7c (webtiles) character file.

Game seed: 4575417630719614552

201 Leeroy the Ducker (level 5, -1/26 HPs)
             Began as a Vine Stalker Warper on Feb 11, 2023.
             Was an Initiate of Wu Jian.
             Slain by a gnoll sergeant
             ... wielding a +4 heavy spear
              (9 damage)
             ... on level 3 of the Dungeon.
             The game lasted 00:08:20 (4158 turns).

Leeroy the Ducker (Vine Stalker Warper)             Turns: 4158, Time: 00:08:21

Health: -1/26      AC:  4    Str:  8    XL:     5   Next: 79%
Magic:  0/9        EV: 18    Int: 13    God:    Wu Jian [......]
Gold:   17         SH:  0    Dex: 16    Spells: 3/8 levels left

rFire   + . .      SeeInvis .    x - +1 rapier "Byowkuox" {elec, rElec rC+ Will+ Str-5}
rCold   . . .      Faith    .    (no shield)
rNeg    . . .      Spirit   +    b - +0 leather armour
rPois   .          Reflect  .    (no helmet)
rElec   +          Harm     .    (no cloak)
rCorr   .          Rampage  .    u - +0 pair of gloves
Will    +....                    (no boots)
Stlth   +                        (no amulet)
HPRegen 1.04/turn                f - +5 ring of evasion
MPRegen 0.11/turn                t - ring of fire

@: no status effects
A: fangs 2, regeneration 1, magic shield, antimagic bite, no potion heal 2
a: Renounce Religion


You were on level 3 of the Dungeon.
You worshipped Wu Jian.
Wu Jian was noncommittal.
You visited 1 branch of the dungeon, and saw 4 of its levels.

You collected 227 gold pieces.
You spent 210 gold pieces at shops.

Inventory:

Hand Weapons
 a - a +0 falchion
 c - a +0 dagger of venom
 p - a +1 short sword of speed
 x - the +1 rapier "Byowkuox" (weapon) {elec, rElec rC+ Will+ Str-5}
   (You found it on level 4 of the Dungeon)

   Str:       It affects your strength (-5).
   rC:        It protects you from cold.
   rElec:     It insulates you from electricity.
   Will:      It increases your willpower.
 y - the +10 sling "Mutic" {speed, rPois rC+ Int+3 Dex-2}
   (You found it on level 4 of the Dungeon)

   Int:       It affects your intelligence (+3).
   Dex:       It affects your dexterity (-2).
   rC:        It protects you from cold.
   rPois:     It protects you from poison.
 z - a +1 rapier of speed
Missiles
 d - 7 boomerangs of dispersal (quivered)
 s - 2 throwing nets
Armour
 b - a +0 leather armour (worn)
 u - a +0 pair of gloves (worn)
Magical Staves
 h - a staff of conjuration
Jewellery
 f - a +5 ring of evasion (left hand)
 t - a ring of fire (right hand)
Scrolls
 e - 2 scrolls of identify {unknown}
 g - 2 scrolls of amnesia {unknown}
 i - 2 scrolls of teleportation {unknown}
 k - a scroll of enchant weapon {unknown}
 m - a scroll of brand weapon {unknown}
 o - 2 scrolls of silence {unknown}
 r - 3 scrolls of fear {unknown}
 v - a scroll of noise {unknown}
Potions
 j - a potion of haste {unknown}
 l - a potion of lignification {unknown}
 n - a potion of heal wounds {unknown}
 q - a potion of brilliance {unknown}
 w - a potion of curing


   Skills:
 - Level 1.7 Fighting
 + Level 3.2 Long Blades
 - Level 0.8 Throwing
 - Level 0.7 Armour
 - Level 4.1 Dodging
 - Level 2.1 Spellcasting
 - Level 3.0 Translocations


You had 3 spell levels left.
You knew the following spells:

 Your Spells              Type           Power      Damage    Failure   Level
a - Blink                 Tloc           18%        N/A       16%         2
b - Vhi's Electric Charg  Tloc/Air       10%        N/A       50%         3

Your spell library contained the following spells:

 Spells                   Type           Power      Damage    Failure   Level
 Lesser Beckoning         Tloc           18%        N/A       16%         2
 Teleport Other           Tloc           9%         N/A       30%         3
 Cigotuvi's Dreadful Rot  Necr/Pois/Air  2%         N/A       47%         2
 Ensorcelled Hibernation  Hex/Ice        2%         N/A       47%         2
 Poisonous Vapours        Pois/Air       2%         N/A       47%         2
 Portal Projectile        Hex/Tloc       10%        N/A       50%         3
 Kindle Blastsparks       Fire/Tloc/Air  12%        2d11      56%         3
 Mephitic Cloud           Conj/Pois/Air  1%         N/A       71%         3
 Spider Form              Tmut/Pois      1%         N/A       71%         3
 Tukima's Dance           Hex            1%         N/A       71%         3
 Manifold Assault         Tloc           9%         N/A       71%         4
 Iskenderun's Mystic Bla  Conj/Tloc      5%         2d3       88%         4
 Anguish                  Hex/Necr       0%         N/A       98%         4
 Fulminant Prism          Conj/Hex       0%         3d5       98%         4
 Blade Hands              Tmut           0%         N/A       100%        5
 Lee's Rapid Deconstruct  Erth           0%         3d4*      100%        5


Dungeon Overview and Level Annotations

Branches:
Dungeon (4/15)
 Temple: D:4-7

Altars:
Nemelex Xobeh
Vehumet
Wu Jian
The Shining One

Shops:
D:1 !(


Innate Abilities, Weirdness & Mutations

You have extremely sharp teeth.
Your natural rate of healing is unusually fast.
When hurt, damage is shared between your health and your magic reserves.
Your bite disrupts and absorbs the magic of your enemies.
Potions cannot restore your health.


Message History

Confirm with . or Enter, or press ? or * to list all spells.
Okay, then.
You climb upwards.
There is a stone staircase leading down here.
This spell is extremely dangerous to cast!
Memorise Vhi's Electric Charge, consuming 3 spell levels and leaving 3?
You start memorising the spell.
You continue memorising. x3
You finish memorising.
Spell assigned to 'b'.
Okay, then.
Okay, then.
You feel more attuned to fire.
t - a ring of fire (right hand)
You can't go up here!
You climb downwards.
The gnoll sergeant misses you.
There is a stone staircase leading up here.
The gnoll sergeant misses you.
You hit the gnoll sergeant.
The gnoll sergeant is lightly wounded.
The gnoll sergeant hits you with a +4 heavy spear!
You hit the gnoll sergeant but do no damage.
You bite the gnoll sergeant, but do no damage.
The gnoll sergeant is lightly wounded.
You barely miss the gnoll sergeant. You bite the gnoll sergeant.
You drain its power.
You feel invigorated.
The gnoll sergeant is lightly wounded.
The gnoll sergeant barely misses you.
You hit the gnoll sergeant.
Lightning courses through the gnoll sergeant!
Your bite misses the gnoll sergeant.
The gnoll sergeant is almost dead.
The gnoll sergeant hits you with a +4 heavy spear!
* * * LOW HITPOINT WARNING * * *
You are too injured to fight recklessly!
You are too injured to fight recklessly!
You are too injured to fight recklessly!
You are too injured to fight recklessly!
You hit the gnoll sergeant.
The gnoll sergeant is almost dead.
The gnoll sergeant hits you with a +4 heavy spear!
You die...

...#######...#..###...#.♣....♣♣##
>............'..###...#..).♣♣♣
.........#...#...######(.♣♣♣
###..#.......##### ♣)...♣♣
###.......####...##♣♣♣♣♣♣
...#.#<)..........###############
.#.#..#.#........................
.#.#..#.............##.########..
.#.#..#.....##.<@......# #..
............###.#g.....# #..
##.#.##.....# #.#......# ###
...#.###....# #.#......#
####.####..####.#......#
.......................###
###.....######..####.....##
#..............##..###..##
#.....#######.....##.##..##


You could see a gnoll sergeant.

Vanquished Creatures
  A hound (D:4)
  Robin (D:2)
  4 adders
  4 gnolls (D:3)
  A worm (D:2)
  2 dart slugs
  4 bats
  7 endoplasms
  3 giant cockroaches
  12 goblins
  12 hobgoblins
  4 jackals (D:3)
  6 kobolds
  4 quokkas
  4 ball pythons (D:1)
  2 frilled lizards (D:3)
  5 rats
76 creatures vanquished.

Notes
Turn   | Place    | Note
-------+----------+-------------------------------------------
     0 | D:1      | Leeroy the Vine Stalker Warper began the quest for the Orb.
     0 | D:1      | Reached XP level 1. HP: 11/11 MP: 4/4
    62 | D:1      | Found Xoguphoise's Distillery.
    76 | D:1      | Reached XP level 2. HP: 12/15 MP: 4/6
   328 | D:1      | Learned a level 2 spell: Blink
   609 | D:1      | Found Noluat's Antique Weapon Shoppe.
   789 | D:2      | Reached XP level 3. HP: 18/18 MP: 7/7
  1355 | D:2      | Noticed Robin
  1408 | D:2      | Reached skill level 2 in Dodging
  1495 | D:2      | Found a faded altar of an unknown god.
  1563 | D:2      | Gained mutation: Your natural rate of healing is unusually
                  | fast. [Vine Stalker growth]
  1563 | D:2      | Reached XP level 4. HP: 23/23 MP: 8/8
  1622 | D:2      | Killed Robin
  2121 | D:3      | Reached skill level 3 in Dodging
  2168 | D:3      | Found a sparkling altar of Nemelex Xobeh.
  2601 | D:3      | Reached XP level 5. HP: 23/26 MP: 6/9
  2650 | D:3      | Found the +5 woodcutter's axe
  3179 | D:4      | Reached skill level 4 in Dodging
  3180 | D:4      | Found an ornate altar of the Wu Jian Council.
  3341 | D:4      | Identified the +10 sling "Mutic" {speed, rPois rC+ Int+3
                  | Dex-2}
  3386 | D:4      | Identified the +1 rapier "Byowkuox" {elec, rElec rC+ Will+
                  | Str-5}
  3391 | D:4      | Found a glowing golden altar of the Shining One.
  3525 | D:4      | Became a worshipper of the Wu Jian Council
  3772 | D:4      | Found a radiant altar of Vehumet.
  4013 | D:1      | Bought a glowing rapier for 210 gold pieces
  4150 | D:2      | Learned a level 3 spell: Vhi's Electric Charge
  4158 | D:3      | Slain by a gnoll sergeant

Illustrated notes

Levels and vault maps discovered:
D:1:      dreamdust_arrival_sigmund_warning, layout_loops_ring, serial_shops,
          nicolae_lakefront_shop, shop, serial_bayou_lagoon_a
D:2:      layout_basic, nicolae_ecumenical_lake_church, uniq_robin
D:3:      layout_basic, nemelex_spade_bored_becter, interstate_on_off,
          dk_noncrumbling_3, pf_guarded_unrand_woodcutter
D:4:      layout_basic, lemuel_tele_altar, lemuel_coloured_pillars_altar,
          tso_altar, chequers_jeans

Skill      XL: |  1  2  3  4  5 |
---------------+----------------+-----
Long Blades    | 2 3 |  3.2
Dodging        | 2 3 4 |  4.1
Fighting       | |  1.7
Throwing       | |  0.8
Armour         | |  0.7
Spellcasting   | |  2.1
Translocations | |  3.0

Action                     |  1- 3 |  4- 6 || total
---------------------------+-------+-------++-------
  Melee: Falchion          |    73 |       ||    73
         Bite              |    23 |    43 ||    66
         Short sword       |    47 |   180 ||   227
         Punch             |       |     3 ||     3
         Rapier            |       |     8 ||     8
   Fire: Sling             |       |     5 ||     5
   Cast: Blink             |       |     1 ||     1
    Use: Scroll            |     1 |       ||     1
         Potion            |     1 |       ||     1
   Stab: Sleeping          |     3 |       ||     3
 Armour: Leather armour    |    14 |    17 ||    31
  Dodge: Dodged            |    74 |   115 ||   189

Table legend: (Time is in decaauts)
 A = Elapsed time spent in this place.
 B = Non-inter-level travel time spent in this place.
 C = Inter-level travel time spent in this place.
 D = Time resting spent in this place.
 E = Time spent auto-exploring this place.
 F = Levels seen in this place.
 G = Mean time per level.
                   A        B        C        D        E       F      G
               +--------+--------+--------+--------+--------+-----+--------+
         Total |   4086 |   3647 |    439 |      0 |   2972 |   4 | 1021.5 |
       Dungeon |   4086 |   3647 |    439 |      0 |   2972 |   4 | 1021.5 |
               +--------+--------+--------+--------+--------+-----+--------+

Top non-repeatable levels by time:
     D:2: 1416 daAuts
     D:4: 1062 daAuts
     D:1: 868 daAuts
     D:3: 739 daAuts
